AoeStats
← Cohcau

Black Forest

503689540Analyzed
2v2 RM · 29d ago on Sep 1, 2026· 59m 35s· 4 players
Game mode
Random Map
Map size
Medium (4 player)
Population
200
Speed
Normal
Resources
Standard
Victory
Conquest
Starting age
Dark Age
Ending age
Imperial Age
RankedLock teamsTeams togetherTeam positionsShared explorationLock speedFull tech treeHidden civsTurbo modeCheats
Victory
Defeat
🇫🇷 Celts · France
905
+12
🇫🇷 Ethiopians · France
806
+17
🇬🇧 Japanese · United Kingdom
898
-51
🇨🇴 Lithuanians · Colombia
742
-11
Cohcau
14:02 Feudal Age
12:23 Loom
18:30 Castle Age
16:23 Double-Bit Axe
16:30 Gold Mining
16:40 Horse Collar
19:33 Bow Saw
19:27 Heavy Plow
20:07 Gold Shaft Mining
25:27 Stone Mining
27:33 Forging
28:13 Man-at-Arms
28:39 Gambesons
29:45 Long Swordsman
32:23 Caravan
34:52 Scale Mail Armor
35:28 Iron Casting
38:10 Imperial Age
36:17 Wheelbarrow
36:08 Chain Mail Armor
36:01 Stronghold
37:12 Stone Shaft Mining
38:15 Onager
38:39 Capped Ram
38:44 Two-Handed Swordsman
40:38 Plate Mail Armor
40:11 Champion
41:50 Siege Ram
45:40 Hand Cart
46:16 Conscription
45:17 Elite Woad Raider
46:21 Furor Celtica
49:23 Furor Celtica
48:35 Elite Woad Raider
49:00 Pikeman
50:43 Halberdier
Nikoleador
5:32 Loom
14:42 Feudal Age
18:27 Castle Age
16:59 Double-Bit Axe
17:59 Town Watch
18:10 Gold Mining
18:13 Stone Mining
18:33 Horse Collar
19:45 Bow Saw
19:15 Crossbowman
21:34 Wheelbarrow
24:14 Hand Cart
28:42 Town Patrol
30:37 Thumb Ring
34:53 Imperial Age
33:03 Caravan
33:35 Fletching
33:46 Padded Archer Armor
34:53 Ballistics
34:59 Masonry
35:18 Arbalester
35:57 Bodkin Arrow
36:18 Leather Archer Armor
36:30 Conscription
37:29 Two-Man Saw
36:33 Heavy Plow
37:16 Elite Skirmisher
38:30 Ring Archer Armor
38:01 Bracer
38:50 Gold Shaft Mining
38:51 Stone Shaft Mining
42:27 Forging
42:18 Scale Mail Armor
43:02 Heated Shot
ScroteyMcBoogerballs
11:01 Feudal Age
12:33 Wheelbarrow
20:21 Castle Age
18:49 Horse Collar
19:04 Gold Mining
19:38 Double-Bit Axe
21:35 Hand Cart
23:19 Heavy Plow
28:34 Gold Shaft Mining
31:36 Imperial Age
34:53 Bow Saw
34:38 Cavalier
38:13 Husbandry
Fercho083
0:32 Loom
11:29 Feudal Age
13:16 Double-Bit Axe
14:07 Horse Collar
20:08 Castle Age
20:40 Fletching
21:49 Bow Saw
21:56 Heavy Plow
25:33 Wheelbarrow
25:43 Fervor
30:58 Imperial Age
29:58 Sanctity
29:45 Bodkin Arrow
30:07 Husbandry
31:19 Bloodlines
33:33 Conscription
33:52 Hand Cart
33:42 Bracer
33:53 Forging
33:50 Scale Barding Armor
35:37 Cavalier
38:33 Elite Leitis
39:09 Gold Mining
40:32 Iron Casting
40:18 Chain Barding Armor
39:24 Paladin
44:06 Chemistry
43:27 Ballistics
44:53 Plate Barding Armor
46:33 Elite Skirmisher
47:16 Padded Archer Armor
48:18 Leather Archer Armor
57:38 Thumb Ring
58:19 Ring Archer Armor
Connection lost

Rejoining the realm…

Still unreachable

The connection could not be restored.

Session expired

The server has moved on; the page needs a fresh start.